 Dungeon Crawl Stone Soup version 0.20-a0-463-g5747544 (webtiles) character file.

254 mopl the Slasher (level 6, 0/44 HPs)
             Began as a Barachian Skald on Jan 10, 2017.
             Killed by divine providence
             ... invoked by an orc priest
              (13 damage)
             ... on level 3 of the Dungeon.
             The game lasted 00:07:13 (2965 turns).

mopl the Slasher (Barachian Skald)                  Turns: 2965, Time: 00:07:14

Health: 0/44       AC:  7    Str:  9    XL:     6   Next: 15%
Magic:  9/9        EV: 14    Int: 11    God:
Gold:   170        SH:  0    Dex: 15    Spells: 1/9 levels left

rFire  . . .     SeeInvis .     a - +0 falchion (vamp)
rCold  . . .     Gourm    .     b - +0 leather armour
rNeg   . . .     Faith    .     (no shield)
rPois  .         Spirit   .     (no helmet)
rElec  .         Reflect  .     x - +0 cloak
rCorr  .         Harm     .     (no gloves)
MR     .....                    w - +2 pair of boots
Stlth  +.........               (no amulet)
                                r - +2 ring of dexterity
                                g - +2 ring of evasion {=R}

@: very slightly contaminated, slow
A: swims, slowness 1, strong legs 1
a: Hop


You were on level 3 of the Dungeon.
You were not hungry.

You visited 1 branch of the dungeon, and saw 3 of its levels.

You collected 170 gold pieces.

Inventory:

Hand Weapons
 a - a +0 vampiric falchion (weapon)
Missiles
 m - 43 stones (quivered)
 n - 7 poisoned javelins
 z - a throwing net
Armour
 b - a +0 leather armour (worn)
 w - a +2 pair of boots (worn)
 x - a +0 cloak (worn)
Jewellery
 g - a +2 ring of evasion (left hand) {=R}
 r - a +2 ring of dexterity (right hand)
 C - an uncursed ring of see invisible
Scrolls
 e - a scroll of immolation {unknown}
 h - 2 scrolls of remove curse {unknown}
 i - 2 scrolls of fear {unknown}
 q - 2 scrolls of magic mapping {unknown}
 s - a scroll of fog {unknown}
 v - 2 scrolls of teleportation {unknown}
 y - 2 scrolls of identify {unknown}
Potions
 f - 2 potions of might {unknown}
 j - a potion of agility {unknown}
 k - a potion of cancellation {unknown}
 l - a potion of invisibility {unknown}
 o - a potion of curing {unknown}
 u - a potion of degeneration {unknown}
 A - a potion of cure mutation {unknown}
 F - a potion of brilliance {unknown}
Books
 c - a book of Battle

   Spells                             Type                      Level
   a - Infusion                       Charms                       1
   b - Shroud of Golubria             Charms/Translocation         2
   c - Song of Slaying                Charms                       2
   d - Spectral Weapon                Hexes/Charms                 3
   e - Regeneration                   Charms/Necromancy            3
Comestibles
 d - a bread ration
 p - 4 meat rations
 t - 2 chunks of flesh
 B - a fruit {!e}


   Skills:
 - Level 2.1 Fighting
 + Level 6.9 Long Blades
 - Level 1.1 Armour
 - Level 2.0 Dodging
 - Level 2.0 Spellcasting
 - Level 3.0 Charms


You had one spell level left.
You knew the following spells:

 Your Spells              Type           Power        Failure   Level  Hunger
a - Infusion              Chrm           #...         12%         1    ##.....
b - Song of Slaying       Chrm           #.......     17%         2    ###....
f - Shroud of Golubria    Chrm/Tloc      #.........   34%         2    ###....
r - Regeneration          Chrm/Necr      #.........   67%         3    ####...


Dungeon Overview and Level Annotations

Branches:
Dungeon (3/15)

Altars:
Kikubaaqudgha
Xom
Zin


Innate Abilities, Weirdness & Mutations

You can swim through water.
You cover ground slowly.
You can hop short distances.


Message History

The orc priest hits you with a flail.
You hit the orc priest.
You feel better.
The orc priest is moderately wounded.
The orc hits you but does no damage.
The orc priest invokes the aid of Beogh against you.
Pain shoots through your body!
* * * LOW HITPOINT WARNING * * *
Your leather armour prevents you from hitting the orc priest.
The orc priest is moderately wounded.
The orc barely misses you.
You riposte.
You hit the orc.
The orc is heavily wounded.
The orc priest misses you.
You hit the orc priest.
The orc priest is heavily wounded.
The orc barely misses you. The orc priest misses you.
You closely miss the orc priest.
The orc priest is heavily wounded.
The orc priest invokes the aid of Beogh against you.
Beogh smites you!
You die...

..#.#.#.##.#######..........
#.#.#.#..........#.#.#######
#.#.#.####)......#.#......##
#.#.#....'.......#.####....[
###+##'#...####.......#.####.....
#..........#.##.......#.#..'.....
+..........#.##.......#.#.##.....
#..........#...o......#.#.##.....
#..........###oo@.....#.#.##.....
######'###.# #.######.#.#.##.....
#.# #.# #.# .#...##..... ######.#
#.###+###### #.####.....
.......###..........# #.# ###..[
.........#..........# ### #.##
......####..........# #####.#
......# #........o$+ #.....#
......# #............ #.....##


You could see 2 orc priests and an orc.

Vanquished Creatures
  An orc wizard (D:3)
  A worker ant (D:3)
  5 adders
  4 gnolls (D:2)
  4 oozes
  A worm (D:2)
  3 dart slugs
  A leopard gecko (D:3)
  7 orcs (D:3)
  3 bats
  6 giant cockroaches
  13 goblins
  9 hobgoblins
  5 jackals (D:1)
  3 quokkas
  3 ball pythons
  3 frilled lizards
  10 kobolds
  5 rats
87 creatures vanquished.

Notes
Turn   | Place    | Note
-------+----------+-------------------------------------------
     0 | D:1      | mopl the Barachian Skald began the quest for the Orb.
     0 | D:1      | Reached XP level 1. HP: 16/16 MP: 3/3
   305 | D:1      | Reached XP level 2. HP: 16/22 MP: 5/5
   309 | D:1      | Learned a level 2 spell: Song of Slaying
   312 | D:1      | Learned a level 2 spell: Shroud of Golubria
   328 | D:1      | Reached skill level 3 in Long Blades
   720 | D:1      | Reached XP level 3. HP: 24/27 MP: 6/6
  1071 | D:1      | Reached skill level 4 in Long Blades
  1444 | D:2      | Reached XP level 4. HP: 28/33 MP: 5/7
  1594 | D:2      | Found an ancient bone altar of Kikubaaqudgha.
  1697 | D:2      | Found a glowing silver altar of Zin.
  1851 | D:2      | Reached skill level 5 in Long Blades
  1863 | D:2      | Found a shimmering altar of Xom.
  2108 | D:2      | Reached XP level 5. HP: 33/38 MP: 3/8
  2116 | D:2      | Learned a level 3 spell: Regeneration
  2449 | D:3      | Reached skill level 6 in Long Blades
  2800 | D:3      | Reached XP level 6. HP: 43/44 MP: 2/9
  2965 | D:3      | Killed from afar by an orc priest

Vault maps used:
D:1:      scummos_arrival_gate
D:2:      cheibrodos_greedy_goblins, old_standard_altar,
          nicolae_overflow_crystal_walls, marbit_many_paths, first_bread,
          minmay_surrounded

Skill      XL: |  1  2  3  4  5 |
---------------+----------------+-----
Long Blades    | 3 4 5 6 |  6.9
Fighting       | |  2.1
Armour         | |  1.1
Dodging        | |  2.0
Spellcasting   | |  2.0
Charms         | |  3.0

Action                   |  1- 3 |  4- 6 || total
-------------------------+-------+-------++-------
Melee: Falchion          |   126 |   193 ||   319
 Cast: Infusion          |     7 |    13 ||    20
  Eat: Chunk             |     3 |     6 ||     9
       Bread ration      |       |     1 ||     1
       Pizza             |       |     1 ||     1
Armor: Leather armour    |    31 |    51 ||    82
Dodge: Dodged            |    85 |   155 ||   240
       Rpst.: Falchion   |    22 |    50 ||    72
